 Dungeon Crawl Stone Soup version 0.18.1-8-gdd0e5ea (webtiles) character file.

181 Gargoyl the Skirmisher (level 5, -2/42 HPs)
             Began as a Demonspawn Abyssal Knight on June 4, 2016.
             Was a Believer of Lugonu.
             Slain by an ice beast (12 damage)
             ... on level 5 of the Dungeon.
             The game lasted 00:05:01 (2262 turns).

Gargoyl the Skirmisher (Demonspawn Abyssal Knight)  Turns: 2262, Time: 00:05:03

Health: -2/42      AC: 12    Str: 13    XL:     5   Next: 34%
Magic:  0/6        EV: 15    Int: 14    God:    Lugonu [**....]
Gold:   118        SH:  3    Dex:  9    Spells: 0 memorised, 4 levels left

rFire  . . .     SeeInvis .     a - +1 hand axe
rCold  . . .     Gourm    .     t - +0 ring mail
rNeg   . . .     Faith    .     n - +0 buckler
rPois  +         Spirit   +     (no helmet)
rElec  .         Dismiss  .     m - +1 cloak {rPois}
rCorr  .         Reflect  .     f - +0 pair of gloves
SustAt .         Harm     .     (no boots)
MR     .....                    e - amulet of regeneration
Stlth  ..........               (no ring)
                                o - +5 ring of evasion

@: not resistant to hostile enchantments, extremely unstealthy
A: talons 1, rough black scales 1, blink, clumsy 1, poison resistance, evolution
1, magic shield, subdued magic 2
a: Blink, Depart the Abyss, Bend Space, Renounce Religion


You were on level 5 of the Dungeon.
You worshipped Lugonu.
Lugonu was pleased with you.
You were not hungry.

You visited 1 branch of the dungeon, and saw 5 of its levels.
You visited the Abyss 1 time.

You collected 118 gold pieces.

Inventory:

Hand Weapons
 a - a +1 hand axe (weapon)
Armour
 f - a +0 pair of gloves (worn)
 m - a +1 cloak of poison resistance (worn)
 n - a +0 buckler (worn)
 t - a +0 ring mail (worn)
Jewellery
 e - an amulet of regeneration (around neck)
 o - a +5 ring of evasion (left hand)
Scrolls
 d - 4 scrolls of identify
 g - a scroll of magic mapping {unknown}
 j - a scroll of random uselessness {unknown}
 k - a scroll of amnesia {unknown}
Potions
 i - a potion of berserk rage {unknown}
 p - a potion of curing
 r - a potion of might {unknown}
 s - a potion of flight {unknown}
Comestibles
 b - 4 chunks of flesh
 c - 3 bread rations
 l - a beef jerky


   Skills:
 + Level 3.8 Fighting
 + Level 2.3 Axes
 * Level 3.1 Armour
 + Level 2.6 Dodging
 + Level 0.2 Stealth
 + Level 0.5 Shields
 + Level 2.6 Invocations


You had 4 spell levels left.
You didn't know any spells.

Dungeon Overview and Level Annotations

Branches:
Dungeon (4/15)
 Temple: D:4-7

Altars:
Pakellas

Portals:
Sewer: D:4

Annotations:
D:3 cuftamc98's ghost, amateur FoFi


Innate Abilities, Weirdness & Mutations

You have sharp toenails.
You are partially covered in rough black scales (AC +4, Dex -1).
When hurt, damage is shared between your health and your magic reserves.
You can translocate small distances at will.
You are clumsy. (Dex -2)
Your system is resistant to poisons.
You evolve.
Your spells are easier to cast, but less powerful.


Message History

The ice beast hits you but does no damage.
You hit the ice beast but do no damage. Your kick misses the ice beast.
The ice beast is heavily wounded.
The ice beast hits you. The ice beast freezes you!
You hit the ice beast.
You claw the ice beast, but do no damage.
The ice beast is severely wounded.
The ice beast hits you but does no damage.
You barely miss the ice beast.
You claw the ice beast, but do no damage.
The ice beast is severely wounded.
The ice beast misses you.
You closely miss the ice beast.
The ice beast is severely wounded.
The ice beast hits you. The ice beast freezes you!
* * * LOW HITPOINT WARNING * * *
The ice beast hits you.
* * * LOW HITPOINT WARNING * * *
The ice beast freezes you!
You die...

####### .
#....@# %.
#...Y.#
...#.....#
.........#
.........#
....?....#
.........#
.........+
....#....#


You could see an ice beast.

Vanquished Creatures
  A hound (D:4)
  Ijyb (D:2)
  2 worker ants (D:4)
  An adder (D:3)
  3 worms
  A dart slug (D:2)
  An orc (D:4)
  3 bats (D:1)
  2 giant cockroaches (D:1)
  13 goblins
  4 hobgoblins
  6 jackals (D:4)
  5 kobolds
  3 quokkas
  4 giant newts
  7 rats
57 creatures vanquished.

Notes
Turn   | Place    | Note
--------------------------------------------------------------
     0 | Abyss:1  | Gargoyl the Demonspawn Abyssal Knight began the quest for the Orb.
     0 | Abyss:1  | Reached XP level 1. HP: 18/18 MP: 2/2
    54 | Abyss:1  | Found a corrupted altar of Lugonu.
    91 | Abyss:1  | Noticed a quasit
    95 | Abyss:1  | Noticed a starcursed mass
   118 | D:1      | Escaped the Abyss
   366 | D:1      | Reached skill level 1 in Dodging
   429 | D:1      | Reached * piety under Lugonu
   429 | D:1      | Gained mutation: You have sharp toenails. [demonic ancestry]
   429 | D:1      | Reached XP level 2. HP: 21/24 MP: 3/3
  1136 | D:2      | Gained mutation: You are partially covered in rough black scales (AC +4, Dex -1). [demonic ancestry]
  1136 | D:2      | Reached XP level 3. HP: 23/29 MP: 4/4
  1182 | D:2      | Noticed Ijyb
  1212 | D:2      | Killed Ijyb
  1213 | D:2      | Found an oddly glowing altar of Pakellas.
  1488 | D:2      | Reached XP level 4. HP: 33/36 MP: 5/5
  2011 | D:3      | Noticed cuftamc98's ghost (amateur FoFi)
  2039 | D:3      | You fall through a shaft!
  2118 | D:4      | Reached ** piety under Lugonu
  2118 | D:4      | Gained mutation: When hurt, damage is shared between your health and your magic reserves. [demonic ancestry]
  2118 | D:4      | Reached XP level 5. HP: 37/42 MP: 6/6
  2232 | D:4      | Gained mutation: Your spells are a little easier to cast, but a little less powerful. [potion of mutation]
  2232 | D:4      | Gained mutation: You can translocate small distances at will. [potion of mutation]
  2232 | D:4      | Gained mutation: You are clumsy. (Dex -2) [potion of mutation]
  2236 | D:4      | Found a glowing drain.
  2240 | D:4      | You fall through a shaft!
  2240 | D:5      | Entered Level 5 of the Dungeon
  2240 | D:5      | Noticed an ice beast
  2247 | D:5      | Gained mutation: Your system is resistant to poisons. [potion of mutation]
  2247 | D:5      | Gained mutation: Your spells are easier to cast, but less powerful. [potion of mutation]
  2247 | D:5      | Gained mutation: You evolve. [potion of mutation]
  2262 | D:5      | Slain by an ice beast

Skill      XL: |  1  2  3  4 |
---------------+-------------+-----
Dodging        | 1 2 |  2.6
Armour         | 2 3 |  3.1
Axes           | 2 |  2.3
Fighting       | |  3.8
Stealth        | |  0.2
Shields        | |  0.5
Invocations    | |  2.6

Action                   |  1- 3 |  4- 6 || total
-------------------------+-------+-------++-------
Melee: Hand axe          |   130 |   116 ||   246
       Kick              |    25 |    28 ||    53
Invok: Depart the Abyss  |     1 |       ||     1
 Abil: Blink             |       |     1 ||     1
  Use: Scroll            |     1 |       ||     1
       Potion            |       |     4 ||     4
  Eat: Chunk             |     2 |     3 ||     5
Armor: Leather armour    |    51 |    17 ||    68
       Ring mail         |       |    32 ||    32
Dodge: Dodged            |    85 |   115 ||   200
Block: Buckler           |    11 |    17 ||    28
